AoeStats
← YurissOvo

Arena

506386440Analyzed
4v4 RM · 20d ago on Sep 13, 2026· 64m 34s· 8 players
Game mode
Random Map
Map size
Large (8 player)
Population
200
Speed
Normal
Resources
Standard
Victory
Conquest
Starting age
Dark Age
Ending age
Imperial Age
RankedLock teamsTeams togetherTeam positionsShared explorationLock speedFull tech treeHidden civsTurbo modeCheats
Victory
Defeat
🇨🇳 Slavs · China
1101
+14
🇬🇧 Wu · United Kingdom
1052
+16
🇫🇷 Hindustanis · France
982
+19
🇹🇷 Japanese · Türkiye
975
+18
🇨🇳 Britons · China
1101
-19
🇨🇳 Burmese · China
1049
-17
🇨🇳 Vikings · China
1049
-17
🇨🇳 Franks · China
981
-14
76561199122638748
12:27 Feudal Age
17:10 Castle Age
15:39 Double-Bit Axe
18:43 Bow Saw
19:44 Loom
22:33 Stone Mining
25:14 Gold Mining
27:06 Gold Shaft Mining
28:00 Wheelbarrow
27:57 Town Watch
32:05 Imperial Age
29:25 Town Watch
30:34 Hand Cart
31:03 Forging
30:59 Scale Barding Armor
31:43 Town Patrol
33:10 Iron Casting
32:55 Chain Barding Armor
32:55 Husbandry
34:55 Blast Furnace
33:28 Cavalier
36:11 Paladin
37:30 Plate Barding Armor
37:46 Pikeman
38:26 Squires
38:43 Scale Mail Armor
39:03 Halberdier
41:32 Gambesons
41:07 Man-at-Arms
41:33 Arson
43:13 Conscription
44:50 Hoardings
45:50 Chain Mail Armor
45:45 Long Swordsman
47:07 Plate Mail Armor
46:25 Two-Handed Swordsman
47:23 Champion
47:49 Arson
54:59 Fortified Wall
55:11 Ballistics
55:02 Masonry
62:15 Elite Throwing Axeman
63:52 #83
65:12 #83
YurissOvo
11:22 Feudal Age
13:26 Horse Collar
18:06 Castle Age
18:34 Pikeman
18:59 Gambesons
20:40 Fervor
20:41 Redemption
21:09 Sanctity
28:02 Atonement
35:23 Imperial Age
34:17 Wheelbarrow
33:32 Loom
35:42 Heavy Plow
37:18 Chemistry
36:38 Ballistics
35:59 Treadmill Crane
36:19 Fletching
36:29 Padded Archer Armor
37:04 Scale Barding Armor
37:10 Forging
37:23 Squires
37:15 Town Watch
38:05 Ballistics
37:59 Scale Mail Armor
38:37 Block Printing
38:50 Illumination
39:02 Theocracy
38:54 Conscription
41:00 Hand Cart
40:45 Town Patrol
40:22 Elite Arambai
41:04 Manipur Cavalry
41:49 Masonry
41:34 Murder Holes
43:34 Bloodlines
43:24 Husbandry
42:45 Light Cavalry
42:46 Cavalier
44:27 Elite Battle Elephant
45:33 Gold Mining
45:34 Stone Mining
45:44 Bodkin Arrow
46:03 Hussar
46:44 Halberdier
53:22 Iron Casting
53:07 Chain Barding Armor
53:04 Chain Mail Armor
53:54 Caravan
55:23 Chain Barding Armor
55:33 Plate Mail Armor
56:04 Blast Furnace
55:47 Howdah
58:03 Bracer
61:09 Plate Barding Armor
61:28 Man-at-Arms
63:15 Architecture
62:15 Long Swordsman
63:25 Two-Handed Swordsman
2457184173
10:44 Feudal Age
15:51 Castle Age
14:04 Horse Collar
14:19 Double-Bit Axe
15:57 Man-at-Arms
17:28 Long Swordsman
19:09 Heavy Plow
22:57 Forging
23:47 Scale Mail Armor
24:28 Bow Saw
24:32 Gambesons
25:25 Heavy Plow
25:17 Gold Mining
29:27 Arson
29:43 Squires
32:56 Iron Casting
32:36 Chain Mail Armor
36:33 Imperial Age
36:06 Gold Shaft Mining
36:40 Capped Ram
36:46 Two-Handed Swordsman
38:46 Blast Furnace
38:16 Plate Mail Armor
38:09 Conscription
37:42 Champion
39:41 Masonry
39:37 Siege Engineers
40:35 Chemistry
41:04 Siege Ram
41:27 Pikeman
45:54 Fletching
46:37 Architecture
46:17 Careening
46:05 Murder Holes
47:39 Chieftains
49:37 Elite Berserk
52:06 Two-Man Saw
52:13 Two-Man Saw
52:55 Ballistics
55:05 Bodkin Arrow
55:10 Padded Archer Armor
60:40 Caravan
378080739
0:28 Loom
12:02 Feudal Age
15:26 Stone Mining
18:12 Castle Age
16:18 Double-Bit Axe
16:30 Gold Mining
20:19 Fletching
20:58 Bodkin Arrow
26:31 Padded Archer Armor
32:14 Imperial Age
29:59 Horse Collar
30:48 Forging
30:54 Leather Archer Armor
30:39 Scale Mail Armor
30:41 Pikeman
32:39 Ballistics
32:57 Iron Casting
32:12 Gambesons
32:28 Squires
32:15 Arson
32:41 Elite Longbowman
35:39 Chemistry
35:12 Halberdier
37:23 Fortified Wall
39:38 Blast Furnace
38:54 Chain Mail Armor
House of Bebu
11:11 Feudal Age
15:28 Castle Age
14:47 Double-Bit Axe
15:11 Horse Collar
16:25 Bow Saw
18:58 Heavy Plow
22:11 Fletching
23:15 Bodkin Arrow
23:51 Padded Archer Armor
24:06 Scale Mail Armor
25:57 Leather Archer Armor
25:50 Loom
26:40 Wheelbarrow
27:11 Forging
28:47 Iron Casting
28:20 Gold Mining
29:25 Chain Mail Armor
30:39 Squires
30:24 Arson
30:50 Arson
31:36 Hand Cart
32:32 Gold Shaft Mining
33:31 Red Cliffs Tactics
39:18 Imperial Age
36:34 Town Watch
36:28 Pikeman
37:32 Town Patrol
39:39 Stone Mining
40:08 Halberdier
40:54 Bracer
41:55 Blast Furnace
41:25 Plate Mail Armor
40:18 Elite Fire Archer
41:22 Conscription
43:53 Two-Man Saw
43:49 Stone Shaft Mining
50:25 Guilds
50:02 Man-at-Arms
51:54 Long Swordsman
52:30 Two-Handed Swordsman
54:32 Champion
61:15 Ballistics
61:56 Chemistry
60:37 Treadmill Crane
62:29 Murder Holes
Syrus637
7:58 Loom
9:43 Feudal Age
14:19 Castle Age
12:32 Double-Bit Axe
13:58 Horse Collar
14:17 Loom
19:21 Husbandry
20:37 Bloodlines
20:35 Scale Barding Armor
30:43 Crossbowman
31:29 Thumb Ring
31:18 Fletching
31:29 Padded Archer Armor
41:05 Bodkin Arrow
44:17 Forging
56:51 Wheelbarrow
62:40 Imperial Age
62:51 Hand Cart
LLih
10:43 Feudal Age
14:29 Castle Age
12:31 Double-Bit Axe
13:01 Horse Collar
14:55 Wheelbarrow
15:10 Heavy Plow
15:55 Bow Saw
21:33 Stone Mining
21:34 Gold Mining
22:21 Loom
23:26 Hand Cart
23:04 Town Watch
26:10 Scale Barding Armor
26:17 Forging
27:15 Chain Barding Armor
27:38 Bloodlines
27:29 Husbandry
26:50 Light Cavalry
27:36 Squires
26:56 Pikeman
30:26 Imperial Age
28:15 Detinets
29:03 Iron Casting
29:24 Fletching
30:17 Town Patrol
30:24 Scale Mail Armor
29:48 Man-at-Arms
31:28 Conscription
30:32 Elite Boyar
32:01 Plate Barding Armor
32:29 Two-Man Saw
32:00 Crop Rotation
32:12 Gold Shaft Mining
33:02 Blast Furnace
32:08 Siege Engineers
33:04 Chemistry
32:25 Ballistics
33:18 Hoardings
33:01 Bodkin Arrow
33:18 Masonry
34:27 Coinage
34:34 Capped Ram
36:21 Murder Holes
36:37 Fortified Wall
36:34 Siege Ram
37:47 Banking
37:18 Caravan
42:19 Chain Mail Armor
44:18 Plate Mail Armor
43:21 Long Swordsman
44:36 Devotion
44:58 Hussar
51:55 Two-Handed Swordsman
53:22 Halberdier
53:23 Champion
kuzgun
11:29 Feudal Age
15:19 Castle Age
13:19 Double-Bit Axe
13:55 Loom
16:32 Bow Saw
20:58 Pikeman
21:38 Squires
21:24 Gambesons
25:21 Horse Collar
29:33 Scale Mail Armor
32:58 Forging
36:23 Wheelbarrow
35:33 Town Watch
37:16 Iron Casting
36:57 Chain Mail Armor
38:54 Heavy Plow
38:48 Fletching
43:29 Imperial Age
41:18 Hand Cart
41:03 Town Patrol
42:39 Bodkin Arrow
43:36 Elite Samurai
44:47 Arson
44:48 Gambesons
46:31 Caravan
46:44 Elite Skirmisher
55:49 Two-Man Saw
58:28 Blast Furnace
57:59 Plate Mail Armor
57:29 Bracer
57:30 Padded Archer Armor
61:25 Coinage
65:15 Banking
Connection lost

Rejoining the realm…

Still unreachable

The connection could not be restored.

Session expired

The server has moved on; the page needs a fresh start.